Map: Catalyst LE

Players

JimRising - Winner!

  • Race: Zerg Zerg
  • League: Grandmaster
  • Spawn Location: 5:00

CatZ

  • Race: Zerg Zerg
  • League: Grandmaster
  • Spawn Location: 11:00

VOD

Have the link to the VOD?

Description

Time

  • Played on: Feb. 1, 2018, 1:31 p.m.
  • Length: 10:23
Show
View Real Time Build Order
Export as new Build Order

JimRising Zerg - Winner!

Build Orders: Hatch First 

Get SALT Encoding   

  12  0:01  Drone  
  13  0:12  Overlord  
  13  0:18  Drone  
  14  0:30  Drone  
  14  0:31  Drone  
  14  0:34  Drone  
  17  0:55  Drone, Hatchery  
  17  0:59  Extractor  
  17  1:02  Drone  
  17  1:16  Spawning Pool  
  17  1:18  Drone  
  17  1:22  Drone  
  18  1:28  Drone  
  19  1:39  Overlord  
  19  2:03  Queen  
  19  2:04  Zergling x4, Metabolic Boost  
  19  2:08  Zergling x2  
  24  2:11  Spine Crawler  
  24  2:12  Zergling x2  
  24  2:23  Zergling x4  
  24  2:25  Baneling Nest  
  25  2:32  Zergling x2  
  26  2:41  Queen  
  28  2:48  Zergling x4  
  27  3:00  Zergling x2  
  25  3:07  Drone  
  26  3:15  Drone  
  26  3:18  Baneling  
  26  3:19  Baneling  
  26  3:25  Hatchery  
  25  3:47  Zergling x2  
  25  3:48  Zergling x4  
  27  3:49  Queen  
  29  3:55  Drone  
  30  4:14  Baneling  
  30  4:15  Baneling  
  29  4:26  Zergling x4  
  28  4:34  Zergling x4  
  29  4:44  Baneling x2  
  29  4:46  Drone x4  
  29  4:47  Queen  
  29  4:49  Overlord  
  35  5:06  Queen  
  36  5:07  Baneling x2  
  36  5:09  Drone x3  
  36  5:10  Drone x2  
  40  5:19  Zergling x2  
  41  5:24  Drone x2  
  41  5:37  Drone x2  
  40  5:45  Zergling x8  
  44  5:50  Lair  
  44  5:53  Drone, Evolution Chamber  
  44  5:54  Roach Warren  
  44  5:55  Drone  
  43  6:00  Drone  
  44  6:09  Overlord  
  44  6:15  Zergling x4  
  43  6:20  Hatchery, Zerg Missile Weapons Level 1, Drone x2  
  44  6:28  Overlord  
  44  6:34  Roach x3  
  44  6:35  Roach  
  52  6:49  Drone  
  52  6:50  Drone x6  
  52  6:51  Extractor x2  
  57  6:57  Drone x3  
  57  6:59  Glial Reconstitution  
  60  7:04  Overlord  
  60  7:13  Overlord  
  58  7:23  Overlord  
  58  7:24  Drone x4  
  58  7:25  Drone  
  58  7:28  Roach x2  
  67  7:40  Drone x4  
  67  7:43  Roach x2  
  75  7:49  Overseer, Overlord  
  75  7:54  Drone x2  
  75  7:55  Roach x2  
  81  8:01  Roach x2  
  85  8:06  Roach  
  85  8:12  Roach x5  
  97  8:17  Overlord x3  
  97  8:26  Overlord x2  
  97  8:37  Roach x6  
  97  8:41  Roach x2  
  113  8:44  Roach  
  113  8:48  Drone x3, Extractor  
  117  8:49  Roach  
  117  8:50  Roach  
  117  8:53  Roach  
  122  9:08  Roach  
  122  9:09  Roach  
  126  9:11  Drone x2  
  126  9:18  Roach  
  126  9:19  Roach x4  
  126  9:20  Overlord x2  
  138  9:24  Roach  
  138  9:28  Hatchery  
  137  9:35  Roach x3  
  137  9:36  Roach  
  131  9:39  Roach x3  
  127  9:45  Roach  
  127  9:46  Roach x4  
  131  9:57  Roach x4  
  131  9:58  Roach  
  131  9:59  Roach  
  137  10:00  Roach  
  137  10:03  Roach  
Show
View Real Time Build Order
Export as new Build Order

CatZ Zerg 

Build Orders: 1 Base Baneling Bust, Pool First 

Get SALT Encoding   

  12  0:00  Drone  
  13  0:08  Extractor  
  12  0:25  Spawning Pool  
  11  0:30  Drone  
  12  0:36  Drone  
  12  0:42  Drone  
  14  0:53  Overlord  
  14  1:12  Metabolic Boost  
  14  1:14  Zergling x4  
  14  1:17  Zergling x2  
  17  1:26  Zergling x2  
  18  1:35  Baneling Nest  
  18  1:37  Zergling x2  
  19  1:47  Zergling x2  
  19  1:57  Zergling x2  
  20  2:09  Zergling x2  
  21  2:18  Hatchery  
  20  2:25  Baneling x2  
  20  2:29  Zergling x2  
  22  2:37  Zergling x2  
  21  3:01  Queen  
  21  3:04  Drone  
  21  3:06  Overlord  
  21  3:14  Drone  
  21  3:20  Baneling  
  20  3:42  Drone x2  
  20  3:48  Queen  
  20  3:49  Drone x3  
  20  3:52  Zergling x2  
  26  3:55  Zergling x2  
  26  3:57  Baneling  
  27  4:06  Zergling x4  
  27  4:19  Zergling x4  
  27  4:23  Zergling x6  
  32  4:29  Zergling x2  
  30  4:35  Zergling x2  
  29  4:39  Baneling  
  29  4:43  Baneling  
  29  4:44  Baneling  
  29  4:49  Drone  
  29  4:51  Drone  
  31  4:56  Overlord  
  29  5:15  Drone x3  
  29  5:16  Drone x3  
  35  5:26  Zergling x2  
  34  5:38  Zergling x4  
  34  5:42  Overlord x2  
  35  5:45  Drone  
  35  5:47  Overlord  
  35  5:48  Extractor  
  34  5:55  Baneling, Evolution Chamber  
  34  5:57  Zergling x4, Roach Warren  
  32  5:59  Drone  
  35  6:10  Drone x2  
  36  6:17  Lair  
  36  6:18  Drone  
  36  6:19  Drone x3  
  36  6:23  Zerg Missile Weapons Level 1  
  40  6:27  Baneling  
  40  6:28  Drone  
  40  6:29  Drone  
  40  6:32  Drone  
  43  6:36  Drone x2  
  43  6:37  Extractor  
  44  6:44  Drone x2  
  46  6:52  Overlord  
  46  6:55  Drone x4  
  46  6:57  Pneumatized Carapace  
  46  7:01  Drone x2  
  51  7:04  Roach  
  54  7:10  Overlord  
  54  7:12  Drone  
  55  7:17  Roach x2  
  55  7:20  Roach  
  55  7:21  Roach  
  63  7:24  Glial Reconstitution  
  63  7:38  Overlord  
  63  7:40  Roach x4  
  63  7:41  Roach  
  63  7:43  Roach  
  63  7:44  Roach  
  76  7:55  Hatchery  
  76  7:57  Roach  
  77  8:00  Roach x2  
  77  8:03  Roach  
  83  8:08  Overlord  
  83  8:11  Overlord  
  83  8:16  Overlord  
  82  8:23  Overlord  
  82  8:27  Roach  
  84  8:29  Roach x2  
  84  8:30  Roach  
  84  8:33  Roach  
  92  8:38  Roach  
  94  8:41  Roach  
  94  8:42  Roach  
  94  8:43  Overlord  
  94  8:46  Roach  
  100  8:52  Roach x2  
  100  8:55  Roach  
  106  9:02  Drone x2  
  106  9:05  Drone  
  101  9:10  Drone x3  
  101  9:11  Drone x2  
  101  9:13  Roach x3  
  101  9:16  Roach  
  107  9:19  Roach  
  107  9:25  Roach  
  107  9:31  Roach x2  
  111  9:34  Roach  
  111  9:37  Queen, Roach  
  103  9:42  Roach  
  85  9:48  Roach x2  
  83  9:53  Roach  
  83  9:55  Roach  
  83  9:58  Roach  
  80  10:01  Roach  
Tags
 
Add a new tag
Caveats
  • Supply blocks, unpowered buildings, or Contaminate may cause inaccurate times.
  • Supply counts are checked every 10 seconds.